SL
CAPITAL DISTRICT RED KNIGHTS @ NORTHERN VIRGINIA RETRIEVERS
09/04/2021
 
TOP OF THE 1ST
Capital District Red Knights batting - Pitching for Northern Virginia Retrievers : RHP Brian Wheeler
Pitching: RHP Brian Wheeler
Batting: RHB Louis Henderson 0-0: Ball
1-0: Foul Ball, location: 2F
1-1: Foul Ball, location: 2F
1-2: Ball
2-2: Ball
3-2: DOUBLE (Groundball, 3L)
Batting: RHB Jorge Torrez 0-0: Foul Ball, location: 2F
0-1: Ball
1-1: Ball
2-1: Ball
3-1: Base on Balls
Batting: LHB Leonardo López 0-0: Fielders Choice at 2nd, 4-6 (Groundball, 4)
Louis Henderson to third
Batting: RHB Daniel Lallanilla 0-0: Ball
Leonardo López steals 2nd base
1-0: SINGLE (Line Drive, 8LS)
Louis Henderson scores
Leonardo López to third
Runner from 3rd tries for Home, SAFE, no throw or cutoff
Batting: RHB Chang-bum Pak 0-0: Called Strike
0-1: Ball
1-1: Swinging Strike
1-2: Foul Ball, location: 2F
1-2: Ground out 5-3 (Groundball, 5)
Daniel Lallanilla to second
Batting: RHB Martin Young 0-0: Ball
1-0: Ball
2-0: Swinging Strike
2-1: Ball
3-1: Swinging Strike
3-2: Base on Balls
Batting: RHB Lane Rich 0-0: SINGLE (Line Drive, 4)
Daniel Lallanilla to third
Martin Young to second
Runner from 3rd tries for Home, SAFE, no throw or cutoff
Batting: RHB Manny Carbajal 0-0: Ball
1-0: Ground out 1-3 (Groundball, 25)
Top of the 1st over - 3 run(s), 3 hit(s), 0 error(s), 2 left on base; Capital District 3 - Northern Virginia 0
BOTTOM OF THE 1ST
Northern Virginia Retrievers batting - Pitching for Capital District Red Knights : RHP Reed Taylor
Pitching: RHP Reed Taylor
Batting: LHB Vance Cannon 0-0: Ball
1-0: Swinging Strike
1-1: DOUBLE (Flyball, 8RM)
Batting: LHB Munemori Ohara 0-0: Foul Ball, location: 2F
0-1: Called Strike
0-2: SINGLE (Flyball, 78S)
Vance Cannon to third
Batting: LHB Keith Bridges 0-0: Ball
1-0: Ball
2-0: Ball
3-0: Called Strike
3-1: Base on Balls
Munemori Ohara to second
Batting: LHB Marlon Randall 0-0: Ball
1-0: Fly out, F8 (Flyball, 8LD)
Runner from 3rd tags up, SCORES, no throw
Batting: LHB Bartolo Benítez 0-0: Ball
1-0: Ball
2-0: Ball
3-0: Base on Balls
Munemori Ohara to third
Keith Bridges to second
Batting: LHB Rick Watson 0-0: Called Strike
0-1: Grounds into double play, 4-6-3 (Groundball, 4)
Bottom of the 1st over - 1 run(s), 2 hit(s), 0 error(s), 2 left on base; Capital District 3 - Northern Virginia 1
TOP OF THE 2ND
Capital District Red Knights batting - Pitching for Northern Virginia Retrievers : RHP Brian Wheeler
Batting: RHB Barry Dempsey 0-0: Ball
1-0: Called Strike
1-1: Ground out 4-3 (Groundball, 4)
Batting: RHB Louis Henderson 0-0: Called Strike
0-1: Swinging Strike
0-2: Strikes out looking
Batting: RHB Jorge Torrez 0-0: Ball
1-0: Ball
2-0: Ball
3-0: Called Strike
3-1: Ground out 1-3 (Groundball, 23)
Top of the 2nd over - 0 run(s), 0 hit(s), 0 error(s), 0 left on base; Capital District 3 - Northern Virginia 1
BOTTOM OF THE 2ND
Northern Virginia Retrievers batting - Pitching for Capital District Red Knights : RHP Reed Taylor
Batting: LHB Wayne Akers 0-0: Called Strike
0-1: Ball
1-1: Called Strike
1-2: Strikes out swinging
Batting: RHB Brandon Reed 0-0: Called Strike
0-1: Foul Ball, location: 2F
0-2: Ball
1-2: Strikes out swinging
Batting: LHB David Martínez 0-0: Swinging Strike
0-1: Ball
1-1: Swinging Strike
1-2: Ball
2-2: Ground out 5-3 (Groundball, 56)
Bottom of the 2nd over - 0 run(s), 0 hit(s), 0 error(s), 0 left on base; Capital District 3 - Northern Virginia 1
TOP OF THE 3RD
Capital District Red Knights batting - Pitching for Northern Virginia Retrievers : RHP Brian Wheeler
Batting: LHB Leonardo López 0-0: Ball
1-0: Foul Ball, location: 2F
1-1: Called Strike
1-2: Ball
2-2: Foul Ball, location: 2F
2-2: Strikes out swinging
Batting: RHB Daniel Lallanilla 0-0: Called Strike
0-1: Swinging Strike
0-2: Fly out, F9 (Flyball, 9D)
Batting: RHB Chang-bum Pak 0-0: SINGLE (Groundball, 56D)
Batting: RHB Martin Young 0-0: Called Strike
Chang-bum Pak steals 2nd base
0-1: Called Strike
0-2: Foul Ball, location: 2F
0-2: Reached on error, E6 (Groundball, 6)
Chang-bum Pak scores
Batting: RHB Lane Rich 0-0: Ground out U3 (Groundball, 3)
Top of the 3rd over - 1 run(s), 1 hit(s), 1 error(s), 1 left on base; Capital District 4 - Northern Virginia 1
BOTTOM OF THE 3RD
Northern Virginia Retrievers batting - Pitching for Capital District Red Knights : RHP Reed Taylor
Batting: LHB Vance Cannon 0-0: Foul Ball, location: 2F
0-1: Ground out 4-3 (Groundball, 4)
Batting: LHB Munemori Ohara 0-0: Called Strike
0-1: Ball
1-1: Ball
2-1: Ball
3-1: Base on Balls
Batting: LHB Keith Bridges 0-0: Called Strike
0-1: Foul Ball, location: 2F
0-2: Ball
1-2: Ground out 1-3 (Groundball, 13S)
Munemori Ohara to second
Batting: LHB Marlon Randall 0-0: Ball
1-0: Foul Ball, location: 2F
1-1: Called Strike
1-2: Fly out, F8 (Flyball, 8RD)
Bottom of the 3rd over - 0 run(s), 0 hit(s), 0 error(s), 1 left on base; Capital District 4 - Northern Virginia 1
TOP OF THE 4TH
Capital District Red Knights batting - Pitching for Northern Virginia Retrievers : RHP Brian Wheeler
Batting: RHB Manny Carbajal 0-0: Ball
1-0: Foul Ball, location: 2F
1-1: Ball
2-1: SOLO HOME RUN (Flyball, 8RXD), Distance : 439 ft
Pitching: RHP Alf Näsbom
Batting: RHB Barry Dempsey 0-0: Called Strike
0-1: Fly out, F9 (Flyball, 89M)
Batting: RHB Louis Henderson 0-0: Called Strike
0-1: Called Strike
0-2: Ball
1-2: Ball
2-2: Foul Ball, location: 2F
2-2: Strikes out swinging
Batting: RHB Jorge Torrez 0-0: Ball
1-0: Ball
2-0: Called Strike
2-1: Foul Ball, location: 2F
2-2: Ball
3-2: SINGLE (Line Drive, 6D)
Batting: LHB Leonardo López 0-0: Called Strike
0-1: Ball
1-1: Foul Ball, location: 2F
1-2: Ball
2-2: Ball
Jorge Torrez is caught stealing 2nd base
Top of the 4th over - 1 run(s), 2 hit(s), 0 error(s), 0 left on base; Capital District 5 - Northern Virginia 1
BOTTOM OF THE 4TH
Northern Virginia Retrievers batting - Pitching for Capital District Red Knights : RHP Reed Taylor
Batting: LHB Bartolo Benítez 0-0: SINGLE (Flyball, 78S)
Batting: LHB Rick Watson 0-0: Ball
1-0: Ground out U3 (Groundball, 3S)
Bartolo Benítez to second
Batting: LHB Wayne Akers 0-0: Fly out, F7 (Flyball, 7M)
Batting: RHB Brandon Reed 0-0: Foul Ball, location: 2F
0-1: SINGLE (Groundball, 56D)
Bartolo Benítez to third
Runner from 3rd tries for Home, throw and OUT!
Bottom of the 4th over - 0 run(s), 2 hit(s), 0 error(s), 1 left on base; Capital District 5 - Northern Virginia 1
TOP OF THE 5TH
Capital District Red Knights batting - Pitching for Northern Virginia Retrievers : RHP Alf Näsbom
Batting: LHB Leonardo López 0-0: Fly out, F7 (Flyball, 7LS)
Batting: RHB Daniel Lallanilla 0-0: Ball
1-0: Ball
2-0: Ball
3-0: Called Strike
3-1: Base on Balls
Batting: RHB Chang-bum Pak 0-0: Swinging Strike
0-1: Ball
1-1: Ball
2-1: Foul Ball, location: 2F
2-2: Fielders Choice at 2nd, 1-6 (Groundball, 15S)
Batting: RHB Martin Young 0-0: SINGLE (Groundball, 34D)
Chang-bum Pak to second
Runner from 2nd tries for 3rd, SAFE, throw made to third
Now in RF: Roy Williams
Batting: RHB Lane Rich 0-0: Called Strike
0-1: Ball
1-1: Ball
2-1: Foul Ball, location: 2F
2-2: SINGLE (Groundball, 34D)
Chang-bum Pak scores
Martin Young to second
Throwing error, E9
Martin Young scores
Lane Rich to second
Batting: RHB Manny Carbajal 0-0: Called Strike
0-1: Ground out 5-3 (Groundball, 5S)
Top of the 5th over - 2 run(s), 2 hit(s), 1 error(s), 1 left on base; Capital District 7 - Northern Virginia 1
BOTTOM OF THE 5TH
Northern Virginia Retrievers batting - Pitching for Capital District Red Knights : RHP Reed Taylor
Batting: LHB David Martínez 0-0: Ball
1-0: Swinging Strike
1-1: Called Strike
1-2: Foul Ball, location: 2F
1-2: SINGLE (Line Drive, 8RS)
Batting: LHB Vance Cannon 0-0: Ball
1-0: Swinging Strike
1-1: Grounds into double play, 4-6-3 (Groundball, 34)
Batting: LHB Munemori Ohara 0-0: Foul Ball, location: 2F
0-1: SINGLE (Line Drive, 8LS)
Batting: RHB Roy Williams 0-0: Fly out, F9 (Popup, 9S)
Bottom of the 5th over - 0 run(s), 2 hit(s), 0 error(s), 1 left on base; Capital District 7 - Northern Virginia 1
TOP OF THE 6TH
Capital District Red Knights batting - Pitching for Northern Virginia Retrievers : RHP Alf Näsbom
Batting: RHB Barry Dempsey 0-0: Ball
1-0: Called Strike
1-1: Foul Ball, location: 2F
1-2: Ground out 1-3 (Groundball, 15)
Batting: RHB Louis Henderson 0-0: Ball
1-0: Foul Ball, location: 2F
1-1: Foul Ball, location: 2F
1-2: Strikes out looking
Batting: RHB Jorge Torrez 0-0: Ball
1-0: Ball
2-0: Ball
3-0: Called Strike
3-1: Fly out, F8 (Flyball, 8RS)
Top of the 6th over - 0 run(s), 0 hit(s), 0 error(s), 0 left on base; Capital District 7 - Northern Virginia 1
BOTTOM OF THE 6TH
Northern Virginia Retrievers batting - Pitching for Capital District Red Knights : RHP Reed Taylor
Batting: LHB Marlon Randall 0-0: Swinging Strike
0-1: Ball
1-1: Ground out 5-3 (Groundball, 56)
Batting: LHB Bartolo Benítez 0-0: Ground out 3-1 (Groundball, 23)
Batting: LHB Rick Watson 0-0: Ball
1-0: Ball
2-0: Foul Ball, location: 2F
2-1: SINGLE (Groundball, 4MD)
Batting: LHB Wayne Akers 0-0: Ball
1-0: Foul Ball, location: 2F
1-1: Called Strike
1-2: Ball
2-2: Ball
3-2: Foul Ball, location: 2F
3-2: Fly out, F7 (Flyball, 78M)
Bottom of the 6th over - 0 run(s), 1 hit(s), 0 error(s), 1 left on base; Capital District 7 - Northern Virginia 1
TOP OF THE 7TH
Capital District Red Knights batting - Pitching for Northern Virginia Retrievers : RHP Alf Näsbom
Batting: LHB Leonardo López 0-0: Ball
1-0: Ball
2-0: Foul Ball, location: 2F
2-1: Ground out 6-3 (Groundball, 6M)
Batting: RHB Daniel Lallanilla 0-0: Ground out 5-3 (Groundball, 56)
Batting: RHB Chang-bum Pak 0-0: Called Strike
0-1: Foul Ball, location: 2F
0-2: Ball
1-2: Ball
2-2: SINGLE (Line Drive, 56D)
Pitching: RHP Lorenzo Tamargo
Batting: RHB Martin Young 0-0: DOUBLE (Flyball, 78M)
Chang-bum Pak to third
Runner from 3rd tries for Home, SAFE, no throw or cutoff
Batting: RHB Lane Rich 0-0: Ball
1-0: Ball
2-0: Called Strike
2-1: Ball
3-1: Base on Balls
Batting: RHB Manny Carbajal 0-0: Ball
1-0: Fly out, F9 (Popup, 34D)
Top of the 7th over - 1 run(s), 2 hit(s), 0 error(s), 2 left on base; Capital District 8 - Northern Virginia 1
BOTTOM OF THE 7TH
Northern Virginia Retrievers batting - Pitching for Capital District Red Knights : RHP Reed Taylor
Batting: RHB Brandon Reed 0-0: Ball
1-0: Called Strike
1-1: Ball
2-1: SINGLE (Flyball, 8LS)
Batting: LHB David Martínez 0-0: Grounds into double play, 6-4-3 (Groundball, 6)
Batting: LHB Vance Cannon 0-0: Called Strike
0-1: Foul Ball, location: 2F
0-2: Ground out 1-3 (Groundball, 15)
Bottom of the 7th over - 0 run(s), 1 hit(s), 0 error(s), 0 left on base; Capital District 8 - Northern Virginia 1
TOP OF THE 8TH
Capital District Red Knights batting - Pitching for Northern Virginia Retrievers : RHP Lorenzo Tamargo
Batting: RHB Barry Dempsey 0-0: Ball
1-0: Fly out, F8 (Flyball, 8RS)
Batting: RHB Louis Henderson 0-0: Ball
1-0: Called Strike
1-1: Ball
2-1: Ball
3-1: Ground out 4-3 (Groundball, 4M)
Batting: RHB Jorge Torrez 0-0: Swinging Strike
0-1: Foul Ball, location: 2F
0-2: Foul Ball, location: 2F
0-2: Ball
1-2: Strikes out swinging
Top of the 8th over - 0 run(s), 0 hit(s), 0 error(s), 0 left on base; Capital District 8 - Northern Virginia 1
BOTTOM OF THE 8TH
Northern Virginia Retrievers batting - Pitching for Capital District Red Knights : RHP Reed Taylor
Pitching: RHP Jack Carr
Batting: LHB Munemori Ohara 0-0: Ground out 6-3 (Groundball, 56)
Batting: RHB Roy Williams 0-0: Ground out 4-3 (Groundball, 4)
Batting: LHB Marlon Randall 0-0: Swinging Strike
0-1: Called Strike
0-2: Strikes out swinging
Bottom of the 8th over - 0 run(s), 0 hit(s), 0 error(s), 0 left on base; Capital District 8 - Northern Virginia 1
TOP OF THE 9TH
Capital District Red Knights batting - Pitching for Northern Virginia Retrievers : RHP Lorenzo Tamargo
Batting: LHB Leonardo López 0-0: Ball
1-0: Called Strike
1-1: Swinging Strike
1-2: Fly out, F7 (Flyball, 78M)
Batting: RHB Daniel Lallanilla 0-0: Ball
1-0: Fly out, F9 (Flyball, 9D)
Batting: RHB Chang-bum Pak 0-0: Ball
1-0: Ball
2-0: Called Strike
2-1: Ball
3-1: Base on Balls
Batting: RHB Martin Young 0-0: Ball
1-0: Ball
2-0: Ball
3-0: Called Strike
3-1: Fly out, F9 (Flyball, 9LS)
Top of the 9th over - 0 run(s), 0 hit(s), 0 error(s), 1 left on base; Capital District 8 - Northern Virginia 1
BOTTOM OF THE 9TH
Northern Virginia Retrievers batting - Pitching for Capital District Red Knights : RHP Jack Carr
Batting: LHB Bartolo Benítez 0-0: Ball
1-0: Ball
2-0: Called Strike
2-1: Ball
3-1: Called Strike
3-2: Strikes out swinging
Batting: LHB Rick Watson 0-0: Ball
1-0: Ball
2-0: Fly out, F4 (Popup, 4)
Pinch Hitting: RHB Donald Stanley 0-0: Ball
1-0: Ball
2-0: Ball
3-0: Called Strike
3-1: Foul Ball, location: 2F
3-2: Foul Ball, location: 2F
3-2: Fly out, F8 (Flyball, 8RD)
Bottom of the 9th over - 0 run(s), 0 hit(s), 0 error(s), 0 left on base; Capital District 8 - Northern Virginia 1
This league is powered by Out of the Park Baseball, the baseball management simulation game for PC, Mac and Linux
Friday, January 22nd, 2016 - OOTP Baseball 16.9 Build 39